 Dungeon Crawl Stone Soup version 0.30-a0-1074-g5db6f66fbb (webtiles) character file.

Game seed: 778456846445250704

5712 quinnr the Zephyrmancer (level 10, -12/56 HPs)
             Began as a Tengu Air Elementalist on Apr 14, 2023.
             Was an Initiate of Vehumet.
             Mangled by a minotaur
             ... wielding a +0 bardiche
              (37 damage)
             ... in a Gauntlet.
             The game lasted 00:29:20 (13657 turns).

quinnr the Zephyrmancer (Tengu Air Elementalist)   Turns: 13657, Time: 00:29:20

Health: -12/56     AC:  9    Str: 14    XL:     10   Next: 76%
Magic:  13/21      EV: 19    Int: 20    God:    Vehumet [......]
Gold:   656        SH:  0    Dex: 15    Spells: 13/23 levels left

rFire   + + .      SeeInvis .    B - +7 hammer "Ivoedoud" {flame, rF++ rC- rN++}
rCold   . . .      Faith    .    (no shield)
rNeg    + + .      Spirit   .    q - +2 robe {rC+}
rPois   +          Reflect  .    h - +0 hat "Joadgha" {rPois Will+}
rElec   .          Rampage  .    D - +2 cloak {rPois}
rCorr   .          NoTele   +    m - +2 pair of gloves
Will    ++...                    (boots unavailable)
Stlth   +++                      (no amulet)
HPRegen 0.29/turn                S - +6 ring of strength
MPRegen 0.17/turn                (no ring)

@: brilliant, flying quickly and evasively, quick
A: beak, talons 3, nimble flight, deformed body, strong-willed 1, evolution 1
a: Renounce Religion


You were in a Gauntlet.
You worshipped Vehumet.
Vehumet was noncommittal.
You visited 3 branches of the dungeon, and saw 10 of its levels.
You also visited: Ossuary and Gauntlet.

You collected 656 gold pieces.


Innate Abilities, Weirdness & Mutations

You have a beak for a mouth.
You have claws for feet.
Your magical nature lets you fly swiftly and evasively.
Armour fits poorly on your strangely shaped body.
You are strong-willed. (Will+)
You have hidden genetic potential.


   Skills:
 - Level 4.0 Fighting
 + Level 7.7 Dodging
 - Level 5.0 Stealth
 + Level 7.0 Spellcasting
 - Level 6.0 Conjurations
 - Level 12.0 Air Magic
 - Level 4.0 Evocations


You had 13 spell levels left.
You knew the following spells:

 Your Spells              Type           Power      Damage    Failure   Level
a - Airstrike             Air            35%        2d(5-21)  1%          4
i - Swiftness             Air            70%        N/A       1%          3
t - Static Discharge      Conj/Air       100%       2-7/arc   1%          2
z - Shock                 Conj/Air       100%       1d9       1%          1

Your spell library contained the following spells:

 Spells                   Type           Power      Damage    Failure   Level
 Ozocubu's Armour         Ice            10%        N/A       28%         3
 Irradiate                Conj/Tmut      14%        3d16      58%         5
 Petrify                  Tmut/Erth      10%        N/A       67%         4
 Blade Hands              Tmut           5%         N/A       95%         5
 Metabolic Englaciation   Hex/Ice        5%         N/A       95%         5
 Simulacrum               Ice/Necr       5%         N/A       100%        6
 Statue Form              Tmut/Erth      6%         N/A       100%        6
 Dragon Form              Tmut           5%         N/A       100%        7

Inventory:

Hand Weapons
 i - a +2 vampiric dagger
 n - a +2 dagger of venom
 z - a +1 dagger of venom
 B - the +7 hammer "Ivoedoud" (weapon) {flame, rF++ rC- rN++}
   (You found it on level 2 of the Dungeon)

   rF:        It greatly protects you from fire.
   rC:        It makes you vulnerable to cold.
   rN:        It greatly protects you from negative energy.
 H - a +1 dagger of venom
Missiles
 A - 3 throwing nets {=f}
Armour
 a - a +0 robe
 d - a +0 cloak
 h - the +0 hat "Joadgha" (worn) {rPois Will+}
   (You found it in a Gauntlet)

   rPois:     It protects you from poison.
   Will:      It increases your willpower.
 m - a +2 pair of gloves (worn)
 q - a +2 robe of cold resistance (worn)
 x - a +2 robe of positive energy
 D - a +2 cloak of poison resistance (worn)
Magical Staves
 y - a staff of earth {!a}
Jewellery
 S - a +6 ring of strength (left hand)
Wands
 I - a wand of roots (3)
Scrolls
 e - 6 scrolls of teleportation {@r2}
 g - a scroll of fear
 l - a scroll of enchant weapon
 p - 5 scrolls of vulnerability {unknown}
 s - 4 scrolls of immolation
 t - 2 scrolls of brand weapon
 v - 2 scrolls of amnesia
 w - 2 scrolls of magic mapping
 F - 2 scrolls of fog
 G - a scroll of poison
Potions
 b - 2 potions of magic
 c - a potion of resistance
 f - 2 potions of might
 j - 5 potions of cancellation
 k - 9 potions of curing {@q1}
 o - 3 potions of flight
 u - 2 potions of berserk rage {!q}
 C - 2 potions of ambrosia
Miscellaneous
 J - a tin of tremorstones (2/2)

Dungeon Overview and Level Annotations

Branches:
Dungeon (8/15)             Temple (1/1) D:7            Lair (1/5) D:8
Ossuary (visited)         Gauntlet (1/1)

Altars:
Ashenzari
Cheibriados
Dithmenos
Gozag
Hepliaklqana
Makhleb
Nemelex Xobeh
Okawaru
Sif Muna
Uskayaw
Vehumet
Wu Jian
Xom
Yredelemnul
The Shining One

Shops:
D:1 (

Annotations:
D:8 Gastronok Gauntlet 6 transporters

▓▓.▓▓.▓▓.▓▓.▓▓.▓
▓...............
▓.▓▓.▓▓.▓▓.▓▓.▓▓
▓.▓▓.▓▓.▓▓.▓▓.▓▓
▓...............
▓▓▓.▓▓.░'░▓▓.▓▓.
▓▓▓.▓▓H░.░ .▓
▓......░H░ .
▓▓.▓▓@▓░.░
▓.▓░∩░ ...░░░
▓.▓▓. ▓▓ ▓▓


You could see a minotaur (rooted, reflecting).


Message History

Aim: a minotaur, wielding a +0 bardiche, wearing a +2 plate armour of willpower, wearing an amulet of reflection and quivering javelins (lightly wounded, constricted by roots, reflecting blocked projectiles, empty space bonus: 4/8)
You feel a surge of power!
The air twists around and strikes the minotaur!
The minotaur is moderately wounded.
The grasping roots constrict the minotaur!
The roots release their grip on the minotaur.
Casting: Airstrike (dangerous; 1% risk of failure)
Confirm with . or Enter, or press ? or * to list all spells.
Aiming: Airstrike (dangerous; 1% risk of failure)
Press: ? - help, Dir - move target, f/p - minotaur
Aim: a minotaur, wielding a +0 bardiche, wearing a +2 plate armour of willpower, wearing an amulet of reflection and quivering javelins (heavily wounded, reflecting blocked projectiles, empty space bonus: 3/8)
You feel a surge of power!
The air twists around and strikes the minotaur.
The minotaur is heavily wounded.
The minotaur completely misses you.
Unknown command.
Casting: Airstrike (dangerous; 1% risk of failure)
Confirm with . or Enter, or press ? or * to list all spells.
You don't know that spell.
Unknown command.
Unknown command.
Aiming: Fastroot
Press: ? - help, Shift-Dir - straight line, f/p - minotaur
Aim: a minotaur, wielding a +0 bardiche, wearing a +2 plate armour of willpower, wearing an amulet of reflection and quivering javelins (heavily wounded, reflecting blocked projectiles)
The roots erupt in riotous growth!
Roots grab the minotaur.
The grasping roots constrict the minotaur, but do no damage.
The minotaur hits you from afar with a +0 bardiche!!!
Ouch! That really hurt!
You die...

Skill      XL: |  1  2  3  4  5  6  7  8  9 10 |
---------------+-------------------------------+-----
Conjurations   | 2 4 5 6 |  6.0
Dodging        | 3 4 5 7 |  7.7
Stealth        | 3 4 5 |  5.0
Spellcasting   | 3 4 5 7 |  7.0
Fighting       | 1 2 4 |  4.0
Air Magic      | 6 9 11 12 | 12.0
Evocations     | 3 4 |  4.0

Action                     |  1- 3 |  4- 6 |  7- 9 | 10-12 || total
---------------------------+-------+-------+-------+-------++-------
  Melee: Unarmed           |     5 |       |       |       ||     5
         Kick              |     1 |     2 |     3 |     9 ||    15
         Dagger            |       |     5 |     2 |     2 ||     9
         Peck              |       |     1 |       |     6 ||     7
         Punch             |       |       |     1 |       ||     1
         Mace              |       |       |    11 |    29 ||    40
   Cast: Shock             |    70 |    97 |   176 |    29 ||   372
         Static Discharge  |       |    12 |    21 |     6 ||    39
         Airstrike         |       |       |    44 |    27 ||    71
         Swiftness         |       |       |       |     2 ||     2
  Evoke: Wand              |       |       |     3 |     3 ||     6
    Use: Scroll            |       |     8 |     8 |    10 ||    26
         Potion            |       |       |     3 |     4 ||     7
 Armour: Robe              |     5 |     8 |    17 |    13 ||    43
  Dodge: Dodged            |    20 |    18 |    51 |    31 ||   120

Levels and vault maps discovered:
D:1:      dpeg_arrival_round_a, layout_basic, serial_forest,
          infiniplex_forest_end_3, infiniplex_forest_lined_3,
          infiniplex_forest_clump_small, infiniplex_forest_clump_C,
          infiniplex_forest_lined_2, infiniplex_forest_straight_3, serial_shops,
          shop, amethyst_killhole, serial_park_tiny_pond
D:2:      layout_loops_ring, kennysheep_path_1, uniq_crazy_yiuf_cottage
D:3:      layout_basic, shapermc_ecumenical_altar_pompeii, uniq_terence
D:4:      layout_basic, pdpol_wu_jian_five_deadly_venoms, lemuel_tele_altar,
          kennysheep_slug_shrine, serial_bayou_pond_a
D:5:      layout_loops_cross, chequers_big_river, uniq_duvessa
D:6:      layout_basic, kennysheep_dice, uniq_sigmund
D:7:      layout_basic, mainiacjoe_overflow_catwalk_spiral,
          yredelemnul_forgotten_temple_becter, minmay_temple_entry_hall,
          nicolae_ossuary_entry_monument, minmay_fractal_squares_5
D:8:      black_bear_nest_1, layout_loops_ring,
          mainiacjoe_overflow_concentric_impassable, kennysheep_little_box,
          david_lair_generic, uniq_gastronok
Temple:   dshaligram_water_room_temple
Lair:1:   layout_small_grid, gauntlet_entry_generic
Gauntlet: gammafunk_gauntlet_hard_choice [gammafunk_gauntlet_arena_split_x,
          gammafunk_gauntlet_arena_arrow_garden,
          gammafunk_gauntlet_arena_chambers, nicolae_gauntlet_arena_grate_2,
          nicolae_gauntlet_swirl, nicolae_gauntlet_arena_quarters,
          gauntlet_exit_green]

Notes
Turn   | Place    | Note
-------+----------+-------------------------------------------
     0 | D:1      | quinnr the Tengu Air Elementalist began the quest for the
                  | Orb.
     0 | D:1      | Reached XP level 1. HP: 10/10 MP: 4/4
   232 | D:1      | Reached XP level 2. HP: 15/15 MP: 4/6
   414 | D:1      | Reached skill level 2 in Conjurations
   509 | D:1      | Reached XP level 3. HP: 19/19 MP: 0/7
   996 | D:1      | Found Ahuev's Antique Weapon Boutique.
  1997 | D:2      | Found a runed translucent door.
  1998 | D:2      | Noticed Crazy Yiuf
  2172 | D:3      | Reached skill level 3 in Dodging
  2172 | D:3      | Reached XP level 4. HP: 19/24 MP: 0/8
  2746 | D:4      | Found a snail-covered altar of Cheibriados.
  2812 | D:3      | Reached skill level 3 in Stealth
  2812 | D:3      | Reached skill level 3 in Conjurations
  3138 | D:3      | Learned a level 2 spell: Static Discharge
  3246 | D:3      | Found a faded altar of an unknown god.
  3286 | D:3      | Reached skill level 3 in Spellcasting
  3394 | D:3      | Noticed Terence
  3414 | D:3      | Killed Terence
  3415 | D:3      | Reached skill level 4 in Conjurations
  3415 | D:3      | Gained mutation: Your magical nature lets you fly swiftly
                  | and evasively. [Tengu growth]
  3415 | D:3      | Reached XP level 5. HP: 14/28 MP: 1/10
  3824 | D:4      | Reached skill level 5 in Conjurations
  3865 | D:4      | Identified 2 potions of resistance
  3949 | D:4      | Reached skill level 1 in Fighting
  3949 | D:4      | Reached XP level 6. HP: 31/34 MP: 6/11
  4099 | D:4      | Found an ornate altar of the Wu Jian Council.
  4442 | D:4      | Reached skill level 2 in Fighting
  4648 | D:5      | Entered Level 5 of the Dungeon
  4656 | D:4      | Reached skill level 5 in Air Magic
  4926 | D:5      | Reached skill level 6 in Air Magic
  4956 | D:5      | Reached XP level 7. HP: 25/40 MP: 5/12
  5126 | D:5      | Reached skill level 7 in Air Magic
  5206 | D:5      | Noticed Duvessa
  5206 | D:5      | Noticed Dowan
  5552 | D:6      | Noticed Sigmund
  5561 | D:6      | Killed Sigmund
  5562 | D:6      | Reached skill level 8 in Air Magic
  5700 | D:6      | Reached skill level 9 in Air Magic
  5765 | D:6      | Learned a level 3 spell: Swiftness
  5770 | D:6      | Learned a level 4 spell: Airstrike
  5782 | D:6      | Reached XP level 8. HP: 40/44 MP: 6/13
  5982 | D:6      | Reached skill level 1 in Evocations
  6602 | D:6      | Reached skill level 2 in Evocations
  6979 | D:6      | Reached skill level 4 in Dodging
  6979 | D:6      | Reached skill level 4 in Stealth
  6979 | D:6      | Reached skill level 6 in Conjurations
  7080 | D:5      | Reached skill level 4 in Spellcasting
  7480 | D:5      | Reached skill level 3 in Evocations
  8122 | D:4      | Found a burning altar of Makhleb.
  8366 | D:2      | Killed Crazy Yiuf
  8404 | D:2      | Identified the +7 hammer "Ivoedoud" {flame, rF++ rC- rN++}
  8585 | D:5      | Killed Dowan
  8586 | D:5      | Reached XP level 9. HP: 44/48 MP: 5/16
  8834 | D:5      | Killed Duvessa
  8995 | D:7      | Found a sand-covered staircase.
  9000 | Ossuary  | Entered an ossuary
  9046 | Ossuary  | Reached skill level 5 in Dodging
  9046 | Ossuary  | Reached skill level 5 in Stealth
  9627 | D:7      | Found a basalt altar of Yredelemnul.
  9683 | D:7      | Reached skill level 4 in Evocations
  9825 | D:7      | Found a broken altar of Ashenzari.
  9834 | D:7      | Reached skill level 5 in Spellcasting
  9896 | D:7      | Reached skill level 3 in Fighting
 10166 | D:7      | Reached skill level 4 in Fighting
 10609 | D:7      | Found a hide-covered altar of Uskayaw.
 10738 | D:7      | Found a staircase to the Ecumenical Temple.
 10745 | Temple   | Entered the Ecumenical Temple
 10805 | Temple   | Became a worshipper of Vehumet
 11242 | D:8      | Reached skill level 10 in Air Magic
 11459 | D:8      | Reached skill level 11 in Air Magic
 11598 | D:8      | Found a staircase to the Lair.
 11726 | D:8      | Reached XP level 10. HP: 56/56 MP: 5/18
 11899 | D:8      | Noticed Gastronok
 12007 | D:8      | Reached skill level 12 in Air Magic
 12380 | D:8      | Found a shimmering blue altar of Sif Muna.
 12461 | Lair:1   | Entered Level 1 of the Lair of Beasts
 12575 | Lair:1   | Found a gate leading to a gauntlet.
 12586 | Gauntlet | Entered a Gauntlet
 12586 | Gauntlet | Found a transporter.
 12586 | Gauntlet | Found a transporter.
 12588 | Gauntlet | Noticed a death scarab
 12589 | Gauntlet | Found a transporter.
 12590 | Gauntlet | Found a transporter.
 12594 | Gauntlet | Noticed a smoke demon
 12604 | Gauntlet | Found a transporter.
 12606 | Gauntlet | Found a transporter.
 12607 | Gauntlet | Noticed a wizard
 12608 | Gauntlet | Noticed a wizard
 12614 | Gauntlet | Found a transporter.
 12705 | Gauntlet | Found a transporter.
 12707 | Gauntlet | Found a transporter.
 12708 | Gauntlet | Noticed an oklob plant
 12719 | Gauntlet | Found a transporter.
 12720 | Gauntlet | Found a transporter.
 12731 | Gauntlet | Found a transporter.
 13117 | Gauntlet | Killed an oklob plant
 13118 | Gauntlet | Reached skill level 6 in Dodging
 13254 | Gauntlet | Reached skill level 6 in Spellcasting
 13264 | Gauntlet | HP: 8/84 [flying skull (10)]
 13274 | Gauntlet | Reached skill level 7 in Dodging
 13495 | Gauntlet | Reached skill level 7 in Spellcasting
 13613 | Gauntlet | Identified the +0 hat "Joadgha" {rPois Will+}
 13642 | Gauntlet | Gained mutation: Armour fits poorly on your strangely
                  | shaped body. [potion of mutation]
 13642 | Gauntlet | Gained mutation: You have hidden genetic potential. [potion
                  | of mutation]
 13642 | Gauntlet | Gained mutation: You are strong-willed. (Will+) [potion of
                  | mutation]
 13644 | Gauntlet | Noticed a minotaur
 13657 | Gauntlet | Mangled by a minotaur

Vanquished Creatures
  An oklob plant (Gauntlet)
  5 flying skulls (Gauntlet)
  A wyvern (D:8)
  Sigmund (D:6)
  A yak (D:7)
  A steam dragon (D:8)
  3 swamp worms (Gauntlet)
  An acid dragon (Gauntlet)
  A water moccasin (D:8)
  Duvessa (D:5)
  3 ice beasts
  2 black bears (D:8)
  An orc warrior (D:6)
  2 sky beasts
  3 centaurs
  An ogre (D:5)
  A phantom (D:5)
  2 kobold brigands (D:6)
  An elf zombie (Ossuary)
  2 bullfrogs
  A gnoll sergeant (D:8)
  4 scorpions
  Dowan (D:5)
  3 killer bees
  3 howler monkeys
  3 hounds
  A human zombie (Ossuary)
  5 jellies
  A gnoll bouda (D:7)
  Crazy Yiuf (D:2)
  2 sleepcaps
  Terence (D:3)
  3 iguanas
  2 orc wizards (D:6)
  3 hound zombies (Ossuary)
  4 mummies (Ossuary)
  14 gnolls
  8 adders
  A shadow imp (D:6)
  A white imp (D:6)
  An adder zombie (Ossuary)
  4 worms
  2 dart slugs
  21 orcs
  3 ball pythons (D:1)
  6 bats
  4 endoplasms
  5 goblins
  4 hobgoblins (D:1)
  5 quokkas
  3 frilled lizards
  A goblin zombie (Ossuary)
  A jackal zombie (Ossuary)
  10 kobolds
  A kobold zombie (Ossuary)
  An orc zombie (Ossuary)
  4 rats
  2 rat zombies (Ossuary)
  A spectral orc (D:7)
175 creatures vanquished.

Vanquished Creatures (collateral kills)
  A tyrant leech (Gauntlet)
  A swamp worm (Gauntlet)
2 creatures vanquished.

Vanquished Creatures (others)
  A fungus (D:8)
  4 plants
  14 withered plants (Gauntlet)
19 creatures vanquished.

Grand Total: 196 creatures vanquished

Table legend: (Time is in decaauts)
 A = Elapsed time spent in this place.
 B = Non-inter-level travel time spent in this place.
 C = Inter-level travel time spent in this place.
 D = Time resting spent in this place.
 E = Time spent auto-exploring this place.
 F = Levels seen in this place.
 G = Mean time per level.
                   A        B        C        D        E       F      G
               +--------+--------+--------+--------+--------+-----+--------+
         Total |  13156 |  12620 |    536 |   1659 |   9308 |  12 | 1096.3 |
       Dungeon |  11395 |  10874 |    521 |    823 |   8812 |   8 | 1424.4 |
        Temple |     69 |     55 |     14 |      0 |     33 |   1 |   69.0 |
          Lair |     34 |     34 |      0 |      0 |      0 |   1 |   34.0 |
       Ossuary |    592 |    592 |      0 |    251 |    230 |   1 |  592.0 |
      Gauntlet |   1064 |   1064 |      0 |    583 |    231 |   1 | 1064.0 |
               +--------+--------+--------+--------+--------+-----+--------+

Top non-repeatable levels by time:
     D:6: 1868 daAuts
     D:4: 1744 daAuts
     D:7: 1505 daAuts
     D:5: 1443 daAuts
     D:1: 1351 daAuts
     D:3: 1261 daAuts
     D:8: 1218 daAuts
Gauntlet: 1064 daAuts
     D:2: 1001 daAuts
 Ossuary: 592 daAuts
  Temple: 69 daAuts
  Lair:1: 34 daAuts

Table legend:
 A = Non-vault XP
 B = Vault XP
 C = Vault XP percentage of total XP
 D = Non-vault monster count
 E = Vault monster count
 F = Vault count percentage of total count
                 A         B        C        D         E       F
            +---------+---------+-------+---------+---------+-------
      Total |    3625 |    4535 |  55.6 |     132 |      45 |  25.4
            +---------+---------+-------+---------+---------+-------
        D:1 |      43 |       0 |   0.0 |      20 |       0 |   0.0
        D:2 |      28 |      39 |  58.2 |      10 |       1 |   9.1
        D:3 |      78 |      36 |  31.6 |      17 |       1 |   5.6
        D:4 |     274 |       4 |   1.4 |      10 |       1 |   9.1
        D:5 |     699 |     216 |  23.6 |      21 |       2 |   8.7
        D:6 |     800 |     338 |  29.7 |      20 |       4 |  16.7
        D:7 |     689 |     376 |  35.3 |      16 |       5 |  23.8
        D:8 |     926 |     478 |  34.0 |      17 |       3 |  15.0
     Lair:1 |      88 |       0 |   0.0 |       1 |       0 |   0.0
    Ossuary |       0 |     286 | 100.0 |       0 |      16 | 100.0
   Gauntlet |       0 |    2762 | 100.0 |       0 |      12 | 100.0
            +---------+---------+-------+---------+---------+-------
